 Dungeon Crawl Stone Soup version 0.27-a0-695-gb4952372f7 (webtiles) character file.

Game seed: 4541549889346149920

110306 spiderkeys the Impaler (level 16, -11/147 HPs)
             Began as a Minotaur Berserker on Mar 22, 2021.
             Was the Champion of Trog.
             Mangled by Agnes
             ... wielding a +5 lajatang of electrocution
              (21 damage)
             ... on level 1 of the Spider Nest.
             The game lasted 00:48:28 (31617 turns).

spiderkeys the Impaler (Minotaur Berserker)        Turns: 31617, Time: 00:48:28

Health: -11/147    AC: 30    Str: 27    XL:     16   Next: 6%
Magic:  15/15      EV: 10    Int:  2    God:    Trog [******]
Gold:   2858       SH: 20    Dex: 17    Spells: 15/15 levels left

rFire    . . .     SeeInvis +   T - +8 trident (flame)
rCold    + . .     Faith    .   b - +0 kite shield
rNeg     . . .     Spirit   .   w - +2 chain mail {rC+}
rPois    +         Reflect  +   v - +2 hat {SInv}
rElec    +         Harm     .   J - +2 cloak {Will+}
rCorr    .         Rampage  .   M - +2 pair of gloves
Will     ++...                  (no boots)
Stlth    ..........             m - amulet "Zeiriob" {Reflect rElec Int-3 Dex+2 SH+5 SInv}
HPRegen  1.34/turn              E - ring of poison resistance
MPRegen  0.14/turn              o - ring "Iniesta" {AC+4 Dex+4 Stlth+}

@: lethally poisoned (-11 -> -11), berserk cooldown, slowed, studying
Evocations, very slow
A: horns 2, retaliatory headbutt, slimy green scales 1, regeneration 1, no
potion heal 1
a: Renounce Religion, Berserk, Trog's Hand, Brothers in Arms


You were on level 1 of the Spider Nest.
You worshipped Trog.
Trog was exalted by your worship.
You visited 4 branches of the dungeon, and saw 24 of its levels.
You also visited: Ossuary, Bailey and Gauntlet.

You collected 3702 gold pieces.
You spent 844 gold pieces at shops.

Inventory:

Hand Weapons
 D - a +7 trident of flaming
 T - a +8 trident of flaming (weapon)
Missiles
 k - 22 javelins
 P - a throwing net
 S - 2 silver javelins
Armour
 b - a +0 kite shield (worn)
 v - a +2 hat of see invisible (worn)
 w - a +2 chain mail of cold resistance (worn)
 J - a +2 cloak of willpower (worn)
 M - a +2 pair of gloves (worn)
Jewellery
 m - the amulet "Zeiriob" (around neck) {Reflect rElec Int-3 Dex+2 SH+5 SInv}
   (You acquired it on level 7 of the Dungeon)

   [amulet of reflection]

   It shields you and reflects attacks.
   It affects your intelligence (-3).
   It affects your dexterity (+2).
   It insulates you from electricity.
   It lets you see invisible.
   It affects your SH (+5).
 o - the ring "Iniesta" (left hand) {AC+4 Dex+4 Stlth+}
   (You found it in a Gauntlet)

   [ring of protection]

   It affects your AC (+4).
   It affects your dexterity (+4).
   It makes you more stealthy.
 r - a +6 ring of intelligence
 E - a ring of poison resistance (right hand)
 Q - a ring of flight
Wands
 a - a wand of mindburst (53)
 h - a wand of charming (7)
 q - a wand of flame (85)
 C - a wand of digging (7)
 F - a wand of paralysis (13)
 H - a wand of polymorph (26)
 K - a wand of acid (52)
 N - a wand of random effects (14)
Scrolls
 f - 16 scrolls of teleportation
 g - 7 scrolls of identify
 j - 3 scrolls of silence
 l - 3 scrolls of vulnerability
 n - 5 scrolls of immolation
 p - 3 scrolls of enchant weapon
 s - 3 scrolls of fog
 y - 6 scrolls of fear
 B - a scroll of magic mapping
 G - a scroll of enchant armour
 L - a scroll of summoning
 O - 2 scrolls of blinking
Potions
 c - 5 potions of lignification
 d - 2 potions of berserk rage
 e - 9 potions of curing
 i - a potion of attraction
 t - 4 potions of flight
 u - a potion of magic
 x - 5 potions of cancellation
 z - 2 potions of heal wounds
 A - 2 potions of might
 I - 3 potions of invisibility
 R - 2 potions of ambrosia
 V - a potion of haste


   Skills:
 + Level 14.9 Fighting
 - Level 20.0 Polearms
 * Level 1.6 Throwing
 + Level 14.8 Armour
 - Level 3.0 Dodging
 + Level 14.3 Shields
 + Level 10.1 Evocations


You had 15 spell levels left.
You didn't know any spells.
Your spell library contained the following spells:

 Spells                   Type           Power      Damage    Failure   Level
 Animate Skeleton         Necr           0%         N/A       95%         1
 Apportation              Tloc           0%         N/A       95%         1
 Corona                   Hex            0%         N/A       95%         1
 Foxfire                  Conj/Fire      0%         2x1d4     95%         1
 Magic Dart               Conj           0%         1d3       95%         1
 Sandblast                Erth           0%         2d4       95%         1
 Summon Small Mammal      Summ           0%         N/A       95%         1
 Blink                    Tloc           N/A        N/A       98%         2
 Call Imp                 Summ           0%         N/A       98%         2
 Corpse Rot               Necr/Air       N/A        N/A       98%         2
 Passwall                 Tmut/Erth      0%         N/A       98%         2
 Searing Ray              Conj           0%         3d3       98%         2
 Slow                     Hex            0%         N/A       98%         2
 Sublimation of Blood     Necr           0%         N/A       98%         2
 Confusing Touch          Hex            0%         N/A       100%        3
 Conjure Flame            Conj/Fire      0%         6-21      100%        3
 Dazzling Flash           Conj/Hex       0%         N/A       100%        3
 Gell's Gravitas          Tloc           0%         N/A       100%        3
 Inner Flame              Hex/Fire       0%         N/A       100%        3
 Lesser Beckoning         Tloc           0%         N/A       100%        3
 Mephitic Cloud           Conj/Pois/Air  0%         N/A       100%        3
 Portal Projectile        Hex/Tloc       0%         N/A       100%        3
 Stone Arrow              Conj/Erth      0%         3d7       100%        3
 Teleport Other           Tloc           0%         N/A       100%        3
 Animate Armour           Summ/Erth      0%         N/A       100%        4
 Cause Fear               Hex            0%         N/A       100%        4
 Dispel Undead            Necr           0%         3d6       100%        4
 Fulminant Prism          Conj/Hex       0%         3d6       100%        4
 Iskenderun's Mystic Bla  Conj/Tloc      0%         2d3       100%        4
 Leda's Liquefaction      Hex/Erth       0%         N/A       100%        4
 Manifold Assault         Tloc           0%         N/A       100%        4
 Petrify                  Tmut/Erth      0%         N/A       100%        4
 Agony                    Necr           0%         N/A       100%        5
 Excruciating Wounds      Necr           0%         N/A       100%        5
 Iskenderun's Battlesphe  Conj           0%         2d6       100%        5
 Lee's Rapid Deconstruct  Erth           0%         3d5*      100%        5
 Metabolic Englaciation   Hex/Ice        0%         N/A       100%        5
 Silence                  Hex/Air        0%         N/A       100%        5
 Yara's Violent Unravell  Hex/Tmut       0%         3d3       100%        5
 Shadow Creatures         Summ           N/A        N/A       100%        6
 Dragon Form              Tmut           0%         N/A       100%        7
 Malign Gateway           Summ/Tloc      0%         N/A       100%        7
 Spellforged Servitor     Conj/Summ      0%         N/A       100%        7
 Discord                  Hex            0%         N/A       100%        8
 Dragon's Call            Summ           0%         N/A       100%        9


Dungeon Overview and Level Annotations

Branches:
Dungeon (15/15)            Temple (0/1) D:7            Lair (6/6) D:9
  Swamp (0/4) Lair:2       Spider (1/4) Lair:4        Slime (0/5) Lair:6
    Orc (2/2) D:10            Elf (0/3) Orc:2        Vaults (0/5) D:14
 Depths (0/5) D:15        Ossuary (visited)          Bailey (visited)
Gauntlet (visited)

Altars:
Cheibriados
Gozag
Hepliaklqana
Kikubaaqudgha
Makhleb
Qazlal
Xom
Yredelemnul
Beogh
Jiyva

Shops:
D:5 (   D:7 *   D:13 :   Orc:2 [*[(

Annotations:
Lair:6 1 runed translucent door
Spider:1 Agnes


Innate Abilities, Weirdness & Mutations

You have a pair of horns on your head.
You reflexively headbutt those who attack you in melee.
You are partially covered in slimy green scales. (AC +2)
Your natural rate of healing is unusually fast.
Potions are less effective at restoring your health.


Message History

You block the redback's attack. You block the tarantella's attack.
Agnes hits you with a +5 lajatang of electrocution!
* * * LOW HITPOINT WARNING * * *
You miss Agnes.
Agnes is heavily wounded.
You feel sick. The redback completely misses you. You furiously retaliate!
You headbutt the redback. You block Agnes's attack.
You puncture the tarantella! You burn the tarantella.
The tarantella is severely wounded.
You block the redback's attack. x2; The tarantella bites you.
* * * LOW HITPOINT WARNING * * *
A tarantella comes into view.
Agnes hits you with a +5 lajatang of electrocution!!
* * * LOW HITPOINT WARNING * * *
The tarantella hisses angrily.
You hear a hideous shriek!
You hear an angry hiss.
You hit the tarantella. You burn the tarantella. You headbutt the tarantella.
You kill the tarantella!
Trog accepts your kill.
You feel sick.
You hear a shout!
The redback bites you but does no damage.
You block Agnes's attack.
The redback bites you but does no damage.
The redback bites you.
* * * LOW HITPOINT WARNING * * *
You block the redback's attack. Agnes hits you but does no damage.
You block the redback's attack.
You see here a tarantella corpse.
You feel a strong urge to attack something.
You feel sick. The redback closely misses you.
Agnes hits you with a +5 lajatang of electrocution.
* * * LOW HITPOINT WARNING * * *
You are no longer corroded.
You feel sick. You block Agnes's attack.
You feel your anger nearly subside.
You are no longer berserk.
You are exhausted.
You feel yourself slow down.
You feel sick.
Agnes hits you with a +5 lajatang of electrocution!!
You die...

#^##.#.##............
#[#.#.....#....#^..#
...#.....##..#.#....#.#
.....(#.#...##....#...#
s#
#...#....#..........#..
?.##....##...#.#.##...#
###..#.#........#.#^....#
#.....s.^#.#...#.......##
#...s†..##@#.#........#
#..ssi......#...##.
......##.s...#.#.#.....##
........####...#.......#
#^#...## ###.......... .
### #.... .#... .##. ...
#.


You could see Agnes (fast) and 3 redbacks.

Vanquished Creatures
  Jorgrun (D:13)
  An orc warlord (Orc:1)
  Nessos (D:13)
  Azrael (Orc:2)
  An entropy weaver (Spider:1)
  A minotaur (Gauntlet)
  Josephine (D:13)
  A fire dragon (Lair:6)
  A yaktaur captain (D:15)
  3 boulder beetles
  9 hydras
  A rakshasa (D:14)
  An ice dragon (D:14)
  A catoblepas (D:15)
  2 centaur warriors (D:15)
  A tengu warrior (D:15)
  A death yak (Lair:3)
  Urug (D:13)
  6 two-headed ogres
  An orc high priest (Orc:1)
  A deep elf knight (D:12)
  An iron troll (D:14)
  A fire crab (Lair:6)
  3 unseen horrors
  2 necromancers (D:14)
  4 wolf spiders (Spider:1)
  2 orb spiders
  A deep elf pyromancer (D:15)
  16 ugly things
  A shining eye (Gauntlet)
  A deep elf archer (D:12)
  4 cyclopes
  5 orc knights
  4 orc sorcerers
  5 elephants
  4 manticores
  Maurice (D:11)
  11 black mambas
  A torpor snail (Lair:3)
  3 molten gargoyles (Lair:6)
  2 gargoyles
  4 orange demons (D:15)
  Maggie (D:7)
  7 cane toads
  3 centaur skeletons
  13 komodo dragons
  A rime drake (Lair:3)
  5 yaktaurs
  An efreet (D:9)
  A kobold demonologist (D:14)
  A demonic crawler (Spider:1)
  A tengu conjurer (D:15)
  A red devil (D:10)
  A harpy zombie (D:14)
  9 trolls
  A jumping spider (shapeshifter) (D:14)
  A hornet (Spider:1)
  3 tyrant leeches
  3 meliai (Lair:4)
  3 polar bears
  6 blink frogs
  A wolf spider simulacrum (D:14)
  6 slime creatures (D:15)
  Prince Ribbit (D:6)
  4 dream sheep (Lair:4)
  Sigmund (D:6)
  A meliai zombie (D:13)
  6 tarantellas (Spider:1)
  9 redbacks (Spider:1)
  A shadow (D:14)
  4 wraiths
  9 spriggans (Lair:4)
  12 basilisks
  56 yaks
  10 wyverns
  3 fire elementals (Orc:2)
  A golden eye (Gauntlet)
  10 vampire mosquitoes
  3 steam dragons
  3 wargs
  3 swamp worms (Gauntlet)
  18 water moccasins
  7 hell hounds
  A floating eye (Gauntlet)
  A sky beast (D:13)
  43 orc warriors
  5 ice beasts
  6 black bears
  2 necrophages
  A tengu (shapeshifter) (D:14)
  15 ogres
  6 centaurs
  2 phantoms
  3 kobold brigands (D:14)
  3 gnoll sergeants
  18 bullfrogs
  8 scorpions
  48 killer bees (Lair:4)
  8 wights
  An electric eel (D:10)
  A vampire bat (Orc:1)
  4 howler monkeys
  4 centaur zombies
  3 jellies
  5 lava snakes (Lair:6)
  A bullfrog zombie (D:13)
  A hound (D:4)
  33 orc priests
  A wyvern simulacrum (Gauntlet)
  Crazy Yiuf (D:5)
  3 bullfrog skeletons
  11 worker ants
  3 iguanas
  34 orc wizards
  A killer bee zombie (D:5)
  2 bullfrog simulacra (Gauntlet)
  A centaur simulacrum (Gauntlet)
  A hound skeleton (D:6)
  14 mummies (Ossuary)
  2 worker ant zombies
  A howler monkey skeleton (D:9)
  12 gnolls
  13 adders
  8 shadow imps
  2 white imps
  2 ufetubi
  2 oozes
  A worm zombie (D:6)
  An adder skeleton (D:5)
  2 adder zombies (D:9)
  2 worms (D:3)
  5 dart slugs
  7 leopard geckos
  140 orcs
  5 giant cockroaches
  6 goblins
  8 hobgoblins
  19 jackals
  7 quokkas
  15 bats
  5 frilled lizards
  A gnoll skeleton (Ossuary)
  4 goblin skeletons (Ossuary)
  9 kobolds
  2 kobold skeletons (Ossuary)
  A leopard gecko skeleton (D:8)
  An orc skeleton (Ossuary)
  2 quokka skeletons
  14 rats
  11 rat skeletons (Ossuary)
949 creatures vanquished.

Vanquished Creatures (collateral kills)
  An orc warrior (Bailey)
  3 orcs (Bailey)
4 creatures vanquished.

Vanquished Creatures (others)
  A hell hound (Lair:6)
  15 fungi
  23 plants
39 creatures vanquished.

Grand Total: 992 creatures vanquished

Notes
Turn   | Place    | Note
-------+----------+-------------------------------------------
     0 | D:1      | spiderkeys the Minotaur Berserker began the quest for the
                  | Orb.
     0 | D:1      | Reached XP level 1. HP: 19/19 MP: 0/0
   248 | D:1      | Reached XP level 2. HP: 25/27 MP: 1/1
   301 | D:1      | Reached skill level 4 in Polearms
   733 | D:1      | Reached ** piety under Trog
   801 | D:1      | Reached XP level 3. HP: 33/33 MP: 2/2
  1672 | D:2      | Reached XP level 4. HP: 27/40 MP: 3/3
  2302 | D:2      | Found an opulent altar of Gozag.
  2556 | D:3      | Reached skill level 5 in Polearms
  2695 | D:3      | Reached *** piety under Trog
  2736 | D:3      | Reached XP level 5. HP: 41/47 MP: 4/4
  2835 | D:3      | Reached skill level 1 in Shields
  3637 | D:4      | Reached XP level 6. HP: 55/55 MP: 5/5
  3663 | D:4      | Reached skill level 6 in Polearms
  3797 | D:4      | Reached skill level 5 in Fighting
  3933 | D:5      | Entered Level 5 of the Dungeon
  4372 | D:5      | Reached XP level 7. HP: 61/61 MP: 6/6
  4418 | D:5      | Found Guosmogh's Antique Weapon Boutique.
  4492 | D:5      | Reached skill level 7 in Polearms
  4919 | D:5      | Reached **** piety under Trog
  4920 | D:5      | Reached skill level 5 in Armour
  4960 | D:5      | Found a runed translucent door.
  4961 | D:5      | Noticed Crazy Yiuf
  5150 | D:5      | Killed Crazy Yiuf
  5274 | D:6      | Found a sand-covered staircase.
  5288 | Ossuary  | Entered an ossuary
  5757 | Ossuary  | Reached XP level 8. HP: 65/70 MP: 7/7
  5803 | Ossuary  | Reached skill level 8 in Polearms
  5988 | D:6      | Reached ***** piety under Trog
  6387 | D:6      | Reached skill level 9 in Polearms
  6627 | D:6      | Reached skill level 5 in Shields
  6804 | D:6      | Noticed Sigmund
  6817 | D:6      | Killed Sigmund
  6818 | D:6      | Reached XP level 9. HP: 79/79 MP: 8/8
  6916 | D:6      | Noticed Prince Ribbit
  6929 | D:6      | Killed Prince Ribbit
  6929 | D:6      | Received a gift from Trog
  6930 | D:6      | Reached skill level 10 in Polearms
  7195 | D:7      | Found Juefof's Assorted Antiques.
  7199 | D:7      | Bought a tubular gilded ring for 145 gold pieces
  7199 | D:7      | Bought a scroll labelled HEFYTU WAMM for 29 gold pieces
  7199 | D:7      | Bought a murky ruby potion for 26 gold pieces
  7199 | D:7      | Bought a scroll labelled HEFYTU WAMM for 29 gold pieces
  7246 | D:7      | Found a flagged portal.
  7246 | D:7      | Noticed Maggie
  7258 | D:7      | Killed Maggie
  7507 | Bailey   | Entered a bailey
  8587 | Bailey   | Noticed an orc knight
  8602 | Bailey   | Killed an orc knight
  8605 | Bailey   | Reached skill level 11 in Polearms
  8932 | Bailey   | Identified the Tome of Supportive Fire
  9234 | D:7      | Found a staircase to the Ecumenical Temple.
  9474 | D:7      | Found an ancient bone altar of Kikubaaqudgha.
  9497 | D:7      | Found a basalt altar of Yredelemnul.
  9792 | D:7      | Reached XP level 10. HP: 90/90 MP: 9/9
 10018 | D:7      | Identified 3 scrolls of acquirement
 10018 | D:7      | Acquired a manual of Evocations
 10025 | D:7      | Acquired 1114 gold pieces
 10027 | D:7      | Acquired the amulet "Zeiriob" {Reflect rElec Int-3 Dex+2
                  | SH+5 SInv}
 10106 | D:8      | Found a stormy altar of Qazlal.
 10748 | D:8      | Noticed a two-headed ogre
 10754 | D:8      | Killed a two-headed ogre
 11226 | D:8      | Reached skill level 12 in Polearms
 11617 | D:9      | Reached skill level 1 in Evocations
 11736 | D:9      | Noticed a white ugly thing
 11773 | D:9      | Killed a white ugly thing
 12393 | D:9      | Noticed a two-headed ogre
 12426 | D:9      | Reached XP level 11. HP: 77/99 MP: 10/10
 12441 | D:9      | Reached skill level 13 in Polearms
 12453 | D:9      | Killed a two-headed ogre
 12719 | D:9      | Found a staircase to the Lair.
 12766 | D:9      | Reached skill level 10 in Fighting
 13317 | D:10     | Entered Level 10 of the Dungeon
 13652 | D:10     | Identified the +1 ring mail "Iskuidgh" {rF+ MP+9}
 13785 | D:10     | Noticed a hell beast
 14020 | D:10     | Found a staircase to the Orcish Mines.
 14026 | D:10     | Reached skill level 5 in Evocations
 14317 | D:10     | Noticed an unseen horror
 14321 | D:10     | Killed an unseen horror
 14399 | D:10     | Reached skill level 10 in Armour
 14400 | D:10     | Noticed a hell beast
 14400 | D:10     | Noticed a hell beast
 14453 | D:10     | Found a burning altar of Makhleb.
 14784 | D:11     | Noticed a red ugly thing
 14794 | D:11     | Killed a red ugly thing
 14795 | D:11     | Reached skill level 14 in Polearms
 15441 | D:11     | Noticed a boulder beetle
 15463 | D:11     | Killed a boulder beetle
 15551 | D:11     | Received a gift from Trog
 15769 | D:11     | Noticed Maurice
 15777 | D:11     | Killed Maurice
 16235 | D:12     | Noticed a two-headed ogre
 16243 | D:12     | Killed a two-headed ogre
 16244 | D:12     | Reached XP level 12. HP: 52/108 MP: 11/11
 16579 | D:12     | Reached skill level 10 in Shields
 16904 | D:12     | Found a hazy altar of Hepliaklqana.
 16927 | D:12     | Noticed a two-headed ogre
 16935 | D:12     | Killed a two-headed ogre
 17016 | D:12     | Reached skill level 15 in Polearms
 17102 | D:12     | Noticed a two-headed ogre
 17117 | D:12     | Killed a two-headed ogre
 17548 | D:13     | Noticed Urug
 17548 | D:13     | Noticed a two-headed ogre
 17563 | D:12     | Killed a two-headed ogre
 17858 | D:13     | Killed Urug
 18441 | D:13     | Noticed Jorgrun
 18458 | D:13     | Killed Jorgrun
 18814 | D:13     | Noticed Josephine
 18823 | D:13     | Killed Josephine
 18824 | D:13     | Reached skill level 16 in Polearms
 18824 | D:13     | Reached XP level 13. HP: 118/118 MP: 12/12
 18893 | D:13     | Noticed Nessos
 18899 | D:13     | Killed Nessos
 19135 | D:13     | Found Rett's Book Shop.
 19663 | D:14     | Reached ****** piety under Trog
 20298 | D:14     | Received a gift from Trog
 20755 | D:14     | Found a gate to the Vaults.
 20853 | D:14     | Found a snail-covered altar of Cheibriados.
 20907 | D:15     | Entered Level 15 of the Dungeon
 20930 | D:15     | Acquired a +1 hat of see invisible
 20993 | D:15     | Reached skill level 17 in Polearms
 21368 | D:15     | Found a staircase to the Depths.
 21376 | D:15     | Reached XP level 14. HP: 126/129 MP: 13/13
 22808 | Lair:1   | Entered Level 1 of the Lair of Beasts
 22814 | Lair:1   | Found a gate leading to a gauntlet.
 22819 | Gauntlet | Entered a Gauntlet
 22819 | Gauntlet | Found a transporter.
 22819 | Gauntlet | Found a transporter.
 22820 | Gauntlet | Found a runed translucent door.
 22827 | Gauntlet | Found a transporter.
 22832 | Gauntlet | Found a transporter.
 22840 | Gauntlet | Found a transporter.
 22844 | Gauntlet | Found a transporter.
 22852 | Gauntlet | Found a transporter.
 22869 | Gauntlet | Found a transporter.
 22872 | Gauntlet | Found the ring of the Mage {Wiz Will++ Int+3}
 22884 | Gauntlet | Found a transporter.
 22887 | Gauntlet | Found a transporter.
 22898 | Gauntlet | Found a transporter.
 22899 | Gauntlet | Found a transporter.
 23084 | Gauntlet | Gained mutation: Your body sometimes deteriorates upon
                  | taking damage. [a shining eye]
 23095 | Gauntlet | Identified the Disquisition on Arcane Weapons
 23167 | Gauntlet | Identified the ring "Iniesta" {AC+4 Dex+4 Stlth+}
 23209 | Gauntlet | Reached skill level 18 in Polearms
 23688 | Lair:1   | Received a gift from Trog
 24255 | Lair:2   | Lost intelligence.
 24546 | Lair:2   | Found a staircase to the Swamp.
 24718 | Lair:2   | Lost mutation: Your body sometimes deteriorates upon taking
                  | damage. [potion of mutation]
 24718 | Lair:2   | Gained mutation: Potions are less effective at restoring
                  | your health. [potion of mutation]
 24718 | Lair:2   | Gained mutation: Your mind is acute. (Int +2) [potion of
                  | mutation]
 24719 | Lair:2   | Lost mutation: Your mind is acute. (Int +2) [potion of
                  | mutation]
 24719 | Lair:2   | Lost mutation: Potions are less effective at restoring your
                  | health. [potion of mutation]
 24719 | Lair:2   | Gained mutation: You are weak. (Str -2) [potion of
                  | mutation]
 24719 | Lair:2   | Lost mutation: You are weak. (Str -2) [potion of mutation]
 24720 | Lair:2   | Gained mutation: You are weak. (Str -2) [potion of
                  | mutation]
 24720 | Lair:2   | Lost mutation: You are weak. (Str -2) [potion of mutation]
 24721 | Lair:2   | Gained mutation: You are partially covered in slimy green
                  | scales. (AC +2) [potion of mutation]
 24721 | Lair:2   | Gained mutation: Potions are less effective at restoring
                  | your health. [potion of mutation]
 24721 | Lair:2   | Gained mutation: Your natural rate of healing is unusually
                  | fast. [potion of mutation]
 24900 | Lair:3   | Found a shimmering altar of Xom.
 25537 | Lair:4   | Found a hole to the Spider Nest.
 25863 | Lair:4   | Identified the +1 demon trident "Manlid" {flame, rC+ Will+
                  | Dex+6} (Trog gifted it to you on level 4 of the Lair of
                  | Beasts)
 25863 | Lair:4   | Received a gift from Trog
 26251 | Lair:4   | Reached XP level 15. HP: 138/138 MP: 14/14
 26743 | Lair:5   | You fall into a shaft and drop 1 floor!
 26743 | Lair:6   | Entered Level 6 of the Lair of Beasts
 26843 | Lair:5   | Identified the +5 glaive "Zacsuser" {vorpal, rPois rF-
                  | SInv} (Trog gifted it to you on level 5 of the Lair of
                  | Beasts)
 26843 | Lair:5   | Received a gift from Trog
 26980 | Lair:5   | Reached skill level 19 in Polearms
 27531 | Lair:6   | Found a runed translucent door.
 27531 | Lair:6   | Found a viscous altar of Jiyva.
 27532 | Lair:6   | Found a staircase to the Slime Pits.
 27965 | Lair:6   | Found a large runed translucent door.
 27967 | Lair:6   | Found a large runed translucent door.
 28130 | Lair:6   | Received a gift from Trog
 28961 | Orc:1    | Entered Level 1 of the Orcish Mines
 30092 | Orc:2    | Entered Level 2 of the Orcish Mines
 30258 | Orc:2    | Received a gift from Trog
 30290 | Orc:2    | Found a staircase to the Elven Halls.
 30356 | Orc:2    | Noticed Azrael
 30376 | Orc:2    | Killed Azrael
 30390 | Orc:2    | Reached skill level 10 in Evocations
 30517 | Orc:2    | Found Xilieq's Assorted Antiques.
 30525 | Orc:2    | Bought a fizzy green potion for 27 gold pieces
 30634 | Orc:2    | Found Jucsurau's Antique Armour Shop.
 30834 | Orc:2    | Noticed an orc warlord
 30864 | Orc:1    | Killed an orc warlord
 31154 | Orc:2    | Found Fonkogho's Antique Weapon Shop.
 31156 | Orc:2    | Found Ezu Xet's Antique Armour Boutique.
 31244 | Orc:2    | Bought a pitted plate armour for 588 gold pieces
 31244 | Orc:2    | Identified the +0 plate armour of Zacoprir {rN+ Int+3} (You
                  | bought it in a shop on level 2 of the Orcish Mines)
 31469 | Spider:1 | Entered Level 1 of the Spider Nest
 31515 | Spider:1 | Received a gift from Trog
 31545 | Spider:1 | Reached XP level 16. HP: 147/147 MP: 15/15
 31563 | Spider:1 | Reached skill level 1 in Throwing
 31592 | Spider:1 | Noticed Agnes
 31600 | Spider:1 | Reached skill level 20 in Polearms
 31617 | Spider:1 | Mangled by Agnes

Illustrated notes

Levels and vault maps discovered:
D:1:      tarquinn_simple_flora_water_d, layout_loops_corners,
          minmay_misc_feat_diagonals, minmay_misc_feat_nine_boxes,
          minmay_tree_intersection, st_stairs_2, minmay_rat_gold_closets
D:2:      layout_basic, lemuel_round_altar, chequers_serial_rivers_micro_e,
          amcnicky_mini_pool_small
D:3:      layout_rooms
D:4:      layout_rooms, kennysheep_path_1
D:5:      layout_loops_ring, serial_shops, shop, kennysheep_potato,
          uniq_crazy_yiuf_cottage
D:6:      layout_cave_pools, enter_ossuary_3, kennysheep_minor_cross,
          grunt_tough_drop, uniq_prince_ribbit1, uniq_sigmund
D:7:      layout_gridville, kennysheep_mini_moat, lemuel_crystal_altar,
          minmay_temple_entry_wispy, enter_bailey_1, serial_shops,
          nicolae_shop_trees, uniq_maggie
D:8:      layout_layer_cave, nicolae_qazlal_style_of_elements
D:9:      layout_stronghold, minmay_lair_entry_grove,
          minmay_mirror_moons_of_madness
D:10:     layout_loops_ring, erik_orc_2, lemuel_hellish_altar
D:11:     layout_loops_ring, uniq_maurice
D:12:     layout_loops_ring, basic_altar, beargit_elvish_explorers
D:13:     layout_grid_maze, serial_shops, nicolae_shop_behind_doors,
          uniq_nessos, uniq_josephine, uniq_urug, uniq_jorgrun
D:14:     layout_basic, david_vaults_4, basic_altar,
          infiniplex_staircase_zigzag_3
D:15:     grunt_enter_depths_snipers, layout_basic, einodemon_barbed_minivault
Lair:1:   layout_small_grid, gauntlet_entry_generic
Lair:2:   layout_long_grid, minmay_swamp_entry_worms, lemuel_fruit_fields
Lair:3:   layout_cellular_growth, basic_altar, grunt_megastairs_5
Lair:4:   wad_woods_minihive, layout_long_grid,
          nicolae_spider_entry_orb_guardian
Lair:5:   layout_regular_city, lemuel_fruit_fields
Lair:6:   cheibrodos_lair_end_hotspot, layout_misc_corridors, slime_altar_2,
          minivault_24
Spider:1: layout_spider_delve, uniq_agnes, uniq_asterion
Orc:1:    layout_caves, basic_altar, roderic_batcave, mines1_david
Orc:2:    grunt_orc_community_town_hall, layout_caves,
          grunt_orc_community_big_house_1, grunt_orc_community_big_house_2,
          grunt_orc_community_house_3, grunt_orc_community_house_1,
          grunt_orc_community_house_3, grunt_orc_community_house_1,
          grunt_orc_community_house_1, grunt_orc_community_house_1, uniq_azrael

Skill      XL: |  1  2  3  4  5  6  7  8  9 10 11 12 13 14 15 16 |
---------------+-------------------------------------------------+-----
Polearms       | 4 5 6 7 9 11 12 14 16 17 18 19 20 | 20.0
Fighting       | 4 5 6 7 8 9 10 12 13 14 | 14.9
Armour         | 3 4 5 6 8 9 10 11 12 13 14 | 14.8
Dodging        | 3 |  3.0
Shields        | 2 4 5 7 8 9 11 12 13 14 | 14.3
Evocations     | 3 5 7 8 10 | 10.1
Throwing       | 1 |  1.6

Action                   |  1- 3 |  4- 6 |  7- 9 | 10-12 | 13-15 | 16-18 || total
-------------------------+-------+-------+-------+-------+-------+-------++-------
Melee: Spear             |   119 |   219 |   338 |       |       |       ||   676
       Headbutt          |    11 |    28 |    79 |   103 |   391 |     8 ||   620
       Trident           |       |       |    73 |   602 |  1680 |    46 ||  2401
Throw: Javelin           |       |       |     4 |       |       |       ||     4
Invok: Berserk           |       |     3 |     6 |     7 |     6 |     1 ||    23
       Trog's Hand       |       |       |     2 |       |     1 |       ||     3
       Brothers in Arms  |       |       |     2 |       |       |       ||     2
Evoke: Wand              |       |       |     5 |       |     1 |       ||     6
  Use: Scroll            |       |       |     6 |    21 |    13 |       ||    40
       Potion            |       |       |     1 |       |     4 |       ||     5
 Stab: Sleeping          |     1 |       |       |       |       |       ||     1
       Petrified         |       |       |       |       |    12 |       ||    12
       Petrifying        |       |       |       |       |     2 |       ||     2
       Distracted        |       |       |       |       |     1 |       ||     1
Armor: Animal skin       |     5 |       |       |       |       |       ||     5
       Scale mail        |     6 |    13 |       |       |       |       ||    19
       Chain mail        |       |    55 |    72 |    93 |   327 |    20 ||   567
Dodge: Dodged            |    40 |    60 |    88 |    59 |   218 |    14 ||   479
Block: Buckler           |       |    21 |    51 |    70 |       |       ||   142
       Reflection        |       |       |       |    10 |    37 |       ||    47
       Kite shield       |       |       |       |   119 |   893 |    55 ||  1067

Table legend: (Time is in decaauts)
 A = Elapsed time spent in this place.
 B = Non-inter-level travel time spent in this place.
 C = Inter-level travel time spent in this place.
 D = Time resting spent in this place.
 E = Time spent auto-exploring this place.
 F = Levels seen in this place.
 G = Mean time per level.
                   A        B        C        D        E       F      G
               +--------+--------+--------+--------+--------+-----+--------+
         Total |  31125 |  29804 |   1321 |   6012 |  19058 |  27 | 1152.8 |
       Dungeon |  20619 |  19894 |    725 |   4670 |  12520 |  15 | 1374.6 |
          Lair |   5618 |   5130 |    488 |    137 |   4126 |   6 |  936.3 |
   Spider Nest |    108 |    108 |      0 |      0 |     23 |   1 |  108.0 |
  Orcish Mines |   1846 |   1738 |    108 |    102 |   1202 |   2 |  923.0 |
       Ossuary |    643 |    643 |      0 |      0 |    496 |   1 |  643.0 |
        Bailey |   1718 |   1718 |      0 |   1033 |    449 |   1 | 1718.0 |
      Gauntlet |    571 |    571 |      0 |     69 |    242 |   1 |  571.0 |
               +--------+--------+--------+--------+--------+-----+--------+

Top non-repeatable levels by time:
     D:9: 1738 daAuts
  Bailey: 1718 daAuts
    D:15: 1713 daAuts
    D:10: 1676 daAuts
    D:11: 1664 daAuts
    D:12: 1620 daAuts
    D:13: 1564 daAuts
    D:14: 1500 daAuts
     D:8: 1492 daAuts
     D:1: 1396 daAuts
     D:5: 1318 daAuts
  Lair:6: 1270 daAuts
     D:7: 1211 daAuts
     D:6: 1188 daAuts
  Lair:4: 1112 daAuts
